 Dungeon Crawl Stone Soup version 0.29-a0-338-g1ff7896281 (webtiles) character file.

Game seed: 12769129264612893039

89 brightshaft the Gusty (level 4, -7/41 HPs)
             Began as an Ogre Air Elementalist on Apr 17, 2022.
             Mangled by a gnoll
             ... wielding a +0 halberd
              (12 damage)
             ... on level 3 of the Dungeon.
             The game lasted 00:06:25 (2296 turns).

brightshaft the Gusty (Ogre Air Elementalist)       Turns: 2296, Time: 00:06:25

Health: -7/41      AC:  3    Str: 18    XL:     4   Next: 55%
Magic:  5/8        EV:  9    Int: 18    God:
Gold:   207        SH:  0    Dex:  9    Spells: 6/9 levels left

rFire   . . .      SeeInvis .   d - staff of air
rCold   . . .      Faith    .   (no shield)
rNeg    . . .      Spirit   .   a - +0 robe
rPois   .          Reflect  .   (helmet restricted)
rElec   +          Harm     .   (no cloak)
rCorr   .          Rampage  .   (gloves unavailable)
Will    .....                   (boots unavailable)
Stlth   +.........              (no amulet)
HPRegen 0.13/turn               c - +6 ring of strength
MPRegen 0.11/turn               n - ring of wizardry

@: no status effects
A: large, unfitting armour, tough skin 1
a: no special abilities


You were on level 3 of the Dungeon.
You visited 1 branch of the dungeon, and saw 3 of its levels.

You collected 207 gold pieces.

Inventory:

Armour
 a - a +0 robe (worn)
Magical Staves
 d - a staff of air (weapon)
Jewellery
 c - a +6 ring of strength (left hand)
 n - a ring of wizardry (right hand)
Scrolls
 e - 2 scrolls of fear {unknown}
 f - a scroll of teleportation {unknown}
 i - a scroll of immolation {unknown}
 j - 2 scrolls of identify {unknown}
 k - a scroll of amnesia {unknown}
Potions
 b - a potion of magic
 g - a potion of mutation {unknown}
 h - 2 potions of brilliance {unknown}
 l - a potion of flight {unknown}
 m - 2 potions of curing {unknown}


   Skills:
 + Level 1.0 Fighting
 + Level 0.7 Staves
 - Level 1.7 Dodging
 - Level 1.4 Stealth
 + Level 3.2 Spellcasting
 - Level 2.0 Conjurations
 + Level 3.4 Air Magic
 + Level 0.4 Evocations


You had 6 spell levels left.
You knew the following spells:

 Your Spells              Type           Power      Damage    Failure   Level
a - Shock                 Conj/Air       76%        1d7       2%          1
b - Static Discharge      Conj/Air       19%        N/A       3%          2

Your spell library contained the following spells:

 Spells                   Type           Power      Damage    Failure   Level
 Corpse Rot               Necr/Air       26%        N/A       4%          2
 Poisonous Vapours        Pois/Air       26%        N/A       4%          2
 Swiftness                Air            23%        N/A       4%          3
 Airstrike                Air            11%        N/A       16%         4


Dungeon Overview and Level Annotations

Branches:
Dungeon (3/15)

Altars:
Cheibriados


Innate Abilities, Weirdness & Mutations

You are too large for most types of armour.
You have tough skin. (AC +1)


Message History

The gnoll attacks as you move away! The gnoll hits you with a +0 flail!
Aiming: Shock (safe; 2% risk of failure)
Press: ? - help, Q - select action, (/) - cycle Shift-Dir - straight line, f - gnoll
Aim: a gnoll, wielding a +0 flail (75% to hit)
You feel a surge of power!
The zap hits the gnoll.
The gnoll is moderately wounded.
The zap misses the gnoll.
The zap hits the gnoll.
The gnoll is heavily wounded.
The zap hits the gnoll.
The gnoll is moderately wounded.
The gnoll barely misses you.
The gnoll hits you from afar with a +0 halberd!
* * * LOW HITPOINT WARNING * * *
Aiming: Shock (safe; 2% risk of failure)
Press: ? - help, Q - select action, (/) - cycle Shift-Dir - straight line, f/p - gnoll
Aim: a gnoll, wielding a +0 flail (moderately wounded, 75% to hit)
You feel a surge of power!
The zap hits the gnoll.
The gnoll is severely wounded.
The zap hits the gnoll.
The gnoll is lightly wounded.
The zap hits the gnoll.
The gnoll is almost dead.
The zap hits the gnoll.
The gnoll is almost dead.
The gnoll barely misses you.
The gnoll hits you from afar with a +0 halberd!
* * * LOW HITPOINT WARNING * * *
Aiming: Shock (safe; 2% risk of failure)
Press: ? - help, Q - select action, (/) - cycle Shift-Dir - straight line, f/p - gnoll
Aim: a gnoll, wielding a +0 flail (severely wounded, 75% to hit)
You feel a surge of power!
The zap hits the gnoll.
You kill the gnoll!
The zap hits the gnoll.
The gnoll is moderately wounded.
The zap hits the gnoll.
The gnoll is almost dead.
The zap hits the gnoll.
You kill the gnoll!
The gnoll hits you from afar with a +0 halberd!
You die...

#....# +....#
##....##########
......'.........
......##.######
............#
............# ##+###
.....)......########.....#
................@)gg)....#
............########gg...#
....####'#### .....#
............# .....#
......^.....# .g..$#
............# .....#
.###........# .....#
.≈.≈.≈......###### .....#
..♣...♣.....##...#


You could see 4 gnolls.

Vanquished Creatures
  5 gnolls (D:3)
  An adder (D:3)
  A worm (D:3)
  An orc (D:3)
  An endoplasm (D:1)
  2 giant cockroaches
  4 goblins
  4 hobgoblins
  9 jackals
  3 kobolds
  A quokka (D:2)
  2 ball pythons (D:2)
  4 bats
  A frilled lizard (D:2)
  5 rats
44 creatures vanquished.

Notes
Turn   | Place    | Note
-------+----------+-------------------------------------------
     0 | D:1      | brightshaft the Ogre Air Elementalist began the quest for
                  | the Orb.
     0 | D:1      | Reached XP level 1. HP: 16/16 MP: 3/3
   194 | D:1      | Reached skill level 1 in Conjurations
   404 | D:1      | Reached XP level 2. HP: 24/24 MP: 2/5
   407 | D:1      | Learned a level 2 spell: Static Discharge
  1086 | D:2      | Reached XP level 3. HP: 12/31 MP: 0/7
  2044 | D:3      | Found a snail-covered altar of Cheibriados.
  2060 | D:3      | Reached XP level 4. HP: 23/40 MP: 3/8
  2067 | D:3      | Reached skill level 1 in Fighting
  2296 | D:3      | Mangled by a gnoll

Illustrated notes

Levels and vault maps discovered:
D:1:      nzn_arrival_water_spiral, layout_loops_cross
D:2:      minmay_wonky_spiral, layout_rooms
D:3:      layout_basic, cheibriados_altar_1,
          mainiacjoe_overflow_surrounded_room, kennysheep_crisscross,
          uniq_jessica

Skill      XL: |  1  2  3  4 |
---------------+-------------+-----
Conjurations   | 1 2 |  2.0
Air Magic      | 3 |  3.4
Spellcasting   | 3 |  3.2
Fighting       | 1 |  1.0
Staves         | |  0.7
Dodging        | |  1.7
Stealth        | |  1.4
Evocations     | |  0.4

Action                   |  1- 3 |  4- 6 || total
-------------------------+-------+-------++-------
Melee: Unarmed           |     4 |       ||     4
       Staff             |    11 |     7 ||    18
 Cast: Shock             |    57 |     7 ||    64
       Static Discharge  |     5 |       ||     5
  Use: Potion            |     1 |       ||     1
Armor: Robe              |    26 |       ||    26
Dodge: Dodged            |    34 |     5 ||    39

Table legend: (Time is in decaauts)
 A = Elapsed time spent in this place.
 B = Non-inter-level travel time spent in this place.
 C = Inter-level travel time spent in this place.
 D = Time resting spent in this place.
 E = Time spent auto-exploring this place.
 F = Levels seen in this place.
 G = Mean time per level.
                   A        B        C        D        E       F      G
               +--------+--------+--------+--------+--------+-----+--------+
         Total |   2303 |   2243 |     60 |      0 |   1992 |   3 |  767.7 |
       Dungeon |   2303 |   2243 |     60 |      0 |   1992 |   3 |  767.7 |
               +--------+--------+--------+--------+--------+-----+--------+

Top non-repeatable levels by time:
     D:1: 927 daAuts
     D:2: 895 daAuts
     D:3: 481 daAuts
